 Dungeon Sprint DCSS version 0.30-a0-34-gbe8da3892a (webtiles) character file.

Game seed: 14787762130283502992

3873 mhtbhm the Eclecticist (level 10, -1/54 HPs)
             Began as a Deep Elf Fire Elementalist on Aug 27, 2022.
             Was a High Priest of Vehumet.
             Slain by a killer bee (12 damage)
             ... in the Dungeon (Sprint III: "The Ten Rune Challenge").
             The game lasted 00:05:03 (2487 turns).

mhtbhm the Eclecticist (Deep Elf Fire Elementalist) Turns: 2487, Time: 00:05:03

Health: -1/54      AC:  2    Str:  5    XL:     10   Next: 0%
Magic:  32/35      EV: 14    Int: 25    God:    Vehumet [*****.]
Gold:   47         SH:  0    Dex: 15    Spells: 35/48 levels left

rFire   . . .      SeeInvis .    (no weapon)
rCold   . . .      Faith    .    (no shield)
rNeg    . . .      Spirit   .    a - +0 robe
rPois   .          Reflect  .    (no helmet)
rElec   .          Harm     .    (no cloak)
rCorr   .          Rampage  .    (no gloves)
Will    +....      NoTele   +    (no boots)
Stlth   +++.......               (no amulet)
HPRegen 0.18/turn                (no ring)
MPRegen 0.24/turn                (no ring)

@: no status effects
A: no striking features
a: Renounce Religion


You were in the Dungeon.
You worshipped Vehumet.
Vehumet was extremely pleased with you.
You visited 1 branch You collected 47 gold pieces.

Inventory:

Armour
 a - a +0 robe (worn)
Scrolls
 e - a scroll of poison {unknown}
 h - 3 scrolls of identify
 j - a scroll of torment {unknown}
Potions
 b - 2 potions of magic
 d - a potion of heal wounds
 f - 2 potions of berserk rage
 i - a potion of might
 k - a potion of attraction {unknown}
 l - 2 potions of flight
 m - 4 potions of mutation
Miscellaneous
 g - a phantom mirror


   Skills:
 + Level 2.3 Fighting
 + Level 6.0 Dodging
 + Level 6.1 Stealth
 + Level 19.7 Spellcasting
 + Level 7.1 Conjurations
 + Level 16.2 Fire Magic


You had 35 spell levels left.
You knew the following spells:

 Your Spells              Type           Power      Damage    Failure   Level
a - Foxfire               Conj/Fire      100%       2x1d9     0%          1
b - Scorch                Fire           100%       2d10      0%          2
c - Conjure Flame         Conj/Fire      70%        6-21      1%          3
d - Inner Flame           Hex/Fire       60%        N/A       1%          3
e - Flame Wave            Conj/Fire      70%        2d16      1%          4

Your spell library contained the following spells:

 Spells                   Type           Power      Damage    Failure   Level
 Starburst                Conj/Fire      35%        6d10      1%          6


Dungeon Overview and Level Annotations

Branches:
Dungeon (1/1)

Altars:
Cheibriados
Dithmenos
Elyvilon
Fedhas
Gozag
Hepliaklqana
Kikubaaqudgha
Makhleb
Nemelex Xobeh
Okawaru
Qazlal
Ru
Sif Muna
Trog
Uskayaw
Vehumet
Wu Jian
Xom
Yredelemnul
Zin
The Shining One
Jiyva
Lugonu


Message History

You hear an angry buzzing noise.
The killer bee closely misses you. The killer bee stings you.
You are poisoned.
The killer bee poisons you!
A killer bee comes into view.
The killer bee barely misses you.
A killer bee comes into view.
Casting: Flame Wave (safe; 1% risk of failure)
Confirm with . or Enter, or press ? or * to list all spells.
Casting: Flame Wave (safe; 1% risk of failure)
Press: ? - help, Dir - look around, f - activate A wave of flame ripples out!
The flame wave engulfs the killer bee!
You kill the killer bee!
Vehumet accepts your kill.
You feel your power returning. (Press . to intensify the flame waves.)
You feel very sick. The killer bee stings you!
* * * LOW HITPOINT WARNING * * *
You are more poisoned.
The killer bee poisons you! The killer bee closely misses you.
You hear an angry buzzing noise.
A wave of flame ripples out!
The flame wave engulfs the killer bee!
You kill the killer bee!
Vehumet accepts your kill.
You feel your power returning.
The flame wave engulfs the killer bee!
You kill the killer bee!
Vehumet accepts your kill.
You feel your power returning.
The flame wave engulfs the queen bee!
The queen bee is severely wounded.
* * * LOW HITPOINT WARNING * * *
You feel very sick.
You hear an angry buzzing noise. x3
A killer bee comes into view. x2
The queen bee calls on the killer bee to defend it!
The killer bee goes berserk!
The queen bee calls on something to defend it!
You have reached level 10!
You feel better. The killer bee stings you!
You die... ######################## #.#.#.....#^....@y†yyy≈# .#.##.###.#......#yyyy≈# .#.##)#.)##......# yyy≈≈

..#..##..'^..^...#
y~~~
▓▓▓▓▓▓▓▓▓#.......#
.y.
...~~~...#..^..^.#
..
≈≈≈≈≈♣♣P.'..^..^.#
.
♣♣♣♣♣♣♣PP#^.....^#
♣♣♣##+######


You could see a queen bee and 12 killer bees.

Vanquished Creatures
  Erolcha (D)
  A deep elf pyromancer (D)
  3 wandering mushrooms (D)
  A shadow (D)
  2 redbacks (D)
  A spatial vortex (D)
  5 two-headed ogres (D)
  A water elemental (D)
  A necrophage (D)
  9 killer bees (D)
  A jelly (D)
  A wizard (D)
  A necromancer (D)
  A kobold demonologist (D)
  3 humans (D)
  A wolf (D)
  4 rats (D)
37 creatures vanquished.

Vanquished Creatures (others)
  22 foxfires (D)
  A plant (D)
23 creatures vanquished.

Grand Total: 60 creatures vanquished

Notes
Turn   | Place    | Note
-------+----------+-------------------------------------------
     0 | D        | mhtbhm the Deep Elf Fire Elementalist began the quest for
                  | the Orb.
     0 | D        | Reached XP level 1. HP: 10/10 MP: 6/6
    99 | D        | Reached skill level 4 in Spellcasting
    99 | D        | Reached skill level 5 in Fire Magic
    99 | D        | Reached XP level 2. HP: 15/15 MP: 5/9
   107 | D        | Learned a level 2 spell: Scorch
   119 | D        | Reached skill level 5 in Spellcasting
   119 | D        | Reached XP level 3. HP: 19/19 MP: 2/11
   209 | D        | Learned a level 3 spell: Conjure Flame
   213 | D        | Learned a level 3 spell: Inner Flame
   218 | D        | Noticed a water elemental
   223 | D        | Killed a water elemental
   224 | D        | Reached skill level 7 in Spellcasting
   224 | D        | Reached XP level 4. HP: 24/24 MP: 1/15
   373 | D        | Found a radiant altar of Vehumet.
   374 | D        | Found a shimmering blue altar of Sif Muna.
   374 | D        | Found an ancient bone altar of Kikubaaqudgha.
   374 | D        | Noticed a wizard
   375 | D        | Killed a wizard
   408 | D        | Reached skill level 8 in Spellcasting
   408 | D        | Reached XP level 5. HP: 17/28 MP: 7/17
   566 | D        | Became a worshipper of Vehumet
   579 | D        | Learned a level 4 spell: Flame Wave
   586 | D        | Found a basalt altar of Yredelemnul.
   586 | D        | Found a shadowy altar of Dithmenos.
   586 | D        | Found a sacrificial altar of Ru.
   588 | D        | HP: 1/26 [necromancer/bolt of negative energy (25)]
   591 | D        | Reached skill level 9 in Spellcasting
   887 | D        | Found a glowing silver altar of Zin.
   887 | D        | Found a glowing golden altar of the Shining One.
   887 | D        | Found a white marble altar of Elyvilon.
   887 | D        | Noticed a deep elf pyromancer
   888 | D        | Noticed a fire elemental
   891 | D        | Killed a deep elf pyromancer
   891 | D        | Reached * piety under Vehumet
   891 | D        | Offered knowledge of Shock by Vehumet.
   892 | D        | Reached skill level 5 in Dodging
   892 | D        | Reached skill level 13 in Spellcasting
   892 | D        | Reached XP level 6. HP: 12/32 MP: 14/24
   892 | D        | Reached XP level 7. HP: 14/36 MP: 14/25
  1075 | D        | Found a hide-covered altar of Uskayaw.
  1075 | D        | Found an iron altar of Okawaru.
  1075 | D        | Found a bloodstained altar of Trog.
  1075 | D        | Found an ornate altar of the Wu Jian Council.
  1075 | D        | Noticed a human
  1075 | D        | Noticed a human
  1080 | D        | Killed a human
  1081 | D        | Reached skill level 5 in Stealth
  1081 | D        | Reached skill level 5 in Conjurations
  1084 | D        | Killed a human
  1085 | D        | Reached skill level 14 in Spellcasting
  1331 | D        | Noticed a shadow
  1333 | D        | Killed a shadow
  1333 | D        | Reached ** piety under Vehumet
  1333 | D        | Offered knowledge of Freeze by Vehumet.
  1334 | D        | Reached XP level 8. HP: 29/42 MP: 21/28
  1465 | D        | Found a blossoming altar of Fedhas.
  1465 | D        | Found a stormy altar of Qazlal.
  1465 | D        | Found a snail-covered altar of Cheibriados.
  1465 | D        | Found a burning altar of Makhleb.
  1465 | D        | Found a shimmering altar of Xom.
  1466 | D        | Found a hazy altar of Hepliaklqana.
  1466 | D        | Found an opulent altar of Gozag.
  1466 | D        | Found a sparkling altar of Nemelex Xobeh.
  1466 | D        | Found a corrupted altar of Lugonu.
  1466 | D        | Found a viscous altar of Jiyva.
  1482 | D        | Reached skill level 15 in Spellcasting
  1738 | D        | Offered knowledge of Static Discharge by Vehumet.
  1743 | D        | Reached skill level 1 in Fighting
  1743 | D        | Reached *** piety under Vehumet
  1922 | D        | Noticed a two-headed ogre
  1927 | D        | Killed a two-headed ogre
  1927 | D        | Offered knowledge of Sticky Flame by Vehumet.
  1928 | D        | Reached skill level 16 in Spellcasting
  2113 | D        | Noticed a two-headed ogre
  2113 | D        | Noticed Erolcha
  2118 | D        | Killed Erolcha
  2119 | D        | Reached skill level 17 in Spellcasting
  2119 | D        | Reached XP level 9. HP: 48/48 MP: 23/32
  2120 | D        | Killed a two-headed ogre
  2121 | D        | Reached skill level 18 in Spellcasting
  2121 | D        | Reached skill level 15 in Fire Magic
  2179 | D        | Reached **** piety under Vehumet
  2179 | D        | Offered knowledge of Hailstorm by Vehumet.
  2212 | D        | Noticed a wandering mushroom
  2216 | D        | Noticed a wandering mushroom
  2220 | D        | Killed a wandering mushroom
  2222 | D        | Noticed a wandering mushroom
  2230 | D        | Killed a wandering mushroom
  2231 | D        | Reached skill level 19 in Spellcasting
  2373 | D        | Killed a wandering mushroom
  2373 | D        | Reached ***** piety under Vehumet
  2373 | D        | Offered knowledge of Starburst by Vehumet.
  2480 | D        | Noticed a queen bee
  2487 | D        | Reached XP level 10. HP: 3/54 MP: 32/35
  2487 | D        | Slain by a killer bee

Illustrated notes

Levels and vault maps discovered:
D:        dungeon_sprint_mu [sprint_mu_entry_forest, sprint_mu_temple_rooms,
          sprint_mu_d1_spiders, sprint_mu_d2_genie, sprint_mu_d3_branching,
          sprint_mu_orc_legion, sprint_mu_elf_gauntlet, sprint_mu_hive_nellie,
          sprint_mu_lair_fedhas, sprint_mu_vaults_butterflies,
          sprint_mu_slime_circle, sprint_mu_swamp_cave, sprint_mu_snake_twists,
          sprint_mu_blade_basic, sprint_mu_crypt_fortress,
          sprint_mu_tomb_spiral, sprint_mu_vestibule_basic,
          sprint_mu_gehenna_hellfire, sprint_mu_dis_giant,
          sprint_mu_tartarus_statrot, sprint_mu_cocytus_islands, sprint_mu_zot1]

Skill      XL: |  1  2  3  4  5  6  7  8  9 |
---------------+----------------------------+-----
Fire Magic     | 5 7 8 11 12 14 16 | 16.2
Dodging        | 3 4 5 6 |  6.0
Stealth        | 3 4 5 6 |  6.1
Spellcasting   | 4 5 7 8 13 14 17 19 | 19.7
Conjurations   | 2 4 5 6 7 |  7.1
Fighting       | 1 2 |  2.3

Action                   |  1- 3 |  4- 6 |  7- 9 | 10-12 || total
-------------------------+-------+-------+-------+-------++-------
 Cast: Foxfire           |    15 |       |       |       ||    15
       Scorch            |     7 |     8 |    33 |       ||    48
       Flame Wave        |       |     2 |    13 |       ||    15
  Use: Potion            |     2 |       |     1 |     1 ||     4
       Scroll            |       |     1 |       |       ||     1
Dodge: Dodged            |     2 |     5 |    21 |       ||    28

Table legend: (Time is in decaauts)
 A = Elapsed time spent in this place.
 B = Non-inter-level travel time spent in this place.
 C = Inter-level travel time spent in this place.
 D = Time resting spent in this place.
 E = Time spent auto-exploring this place.
 F = Levels seen in this place.
 G = Mean time per level.
                   A        B        C        D        E       F      G
               +--------+--------+--------+--------+--------+-----+--------+
         Total |   2475 |   2475 |      0 |   2030 |      1 |   1 | 2475.0 |
       Dungeon |   2475 |   2475 |      0 |   2030 |      1 |   1 | 2475.0 |
               +--------+--------+--------+--------+--------+-----+--------+

Top non-repeatable levels by time:
       D: 2475 daAuts
